 Dungeon Sprint DCSS version 0.30.1-11-g7821555f0a (webtiles) character file.

Game seed: 3887279268380323861

3900000 jagang the Conqueror (level 22, -9/212 HPs)
             Began as a Barachi Berserker on Nov 21, 2023.
             Was the Champion of Trog.
             Killed by an exploding large bag of meat (27 damage)
             ... ignited by their inner flame
             ... in the Dungeon (Sprint VIII: "Arena of Blood").
             The game lasted 00:03:32 (39 turns).

jagang the Conqueror (Barachi Berserker)              Turns: 39, Time: 00:03:34

Health: -9/212     AC:  4    Str: 28    XL:     22   Next: 66%
Magic:  19/35      EV: 25    Int:  8    God:    Trog [******]
Gold:   0          SH:  0    Dex: 13    Spells: 21/21 levels left

rFire   . . .        i - +∞ Axe of Woe
rCold   . . .        (shield currently unavailable)
rNeg    . . .        b - +0 animal skin
rPois   .            (no helmet)
rElec   .            (no cloak)
rCorr   .            (no gloves)
SInv    .            (no boots)
Will    +++..        (no amulet)
Stlth   ++++++++     j - +30 ring of slaying
HPRegen 1.55/turn    k - +30 ring of slaying
MPRegen 0.24/turn

%: no teleportation
@: strong-willed, unable to hop, regenerating, slow
A: amphibious, slowness 1, strong legs 2, +LOS
a: Hop, Renounce Religion, Berserk, Trog's Hand, Brothers in Arms


You were in the Dungeon.
You worshipped Trog.
Trog was exalted by your worship.
You visited 1 branch

Inventory:

Hand Weapons
 a - a +0 hand axe
 i - the +∞ Axe of Woe (weapon)
   (You found it in the Dungeon)
Armour
 b - a +0 animal skin (worn)
Jewellery
 j - a +30 ring of slaying (left hand)
 k - a +30 ring of slaying (right hand)
Potions
 c - a potion of curing
 e - a potion of haste
 f - 2 potions of magic
 g - a potion of berserk rage


   Skills:
 O Level 27 Fighting
 + Level 24.3(27) Short Blades
 + Level 26.2(27) Long Blades
 O Level 27 Axes
 + Level 24.3(27) Maces & Flails
 + Level 22.5(27) Polearms
 + Level 23.1(27) Staves
 + Level 21.4 Ranged Weapons
 + Level 21.4 Throwing
 O Level 27 Armour
 O Level 27 Dodging
 + Level 21.4 Stealth
 + Level 23.1 Shields
 + Level 23.1 Unarmed Combat
 + Level 19.8 Invocations
 + Level 23.1 Evocations


You had 21 spell levels left.
You didn't know any spells.
Your spell library was empty.

Dungeon Overview and Level Annotations

Branches:
Dungeon (1/1)

Altars:
Makhleb


Innate Abilities, Weirdness & Mutations

You are amphibious.
You cover ground slowly.
You can hop long distances.
You have an extended range of vision and can be seen from far away.


Message History

You kill the bag of meat!
Trog accepts your kill.
A bag of meat comes into view. It is wielding a +9 war axe.
The destroyer points at you and mumbles some strange words.
The destroyer blinks!
You hear a shout!
Your base Short Blades skill increases to level 24!
Your base Long Blades skill increases to level 26!
Your base Maces & Flails skill increases to level 24!
Your base Polearms skill increases to level 22!
Your base Staves skill increases to level 23!
Your Ranged Weapons skill increases to level 21!
Your Throwing skill increases to level 21!
Your Stealth skill increases to level 21!
Your Shields skill increases to level 23!
Your Unarmed Combat skill increases to level 23!
Your Evocations skill increases to level 23!
You carve the bag of meat like a ham!!!!
You cleave the bag of meat in twain.
You kill the bag of meat!
Trog accepts your kill.
You carve the bag of meat like a ham!!!
You pulverise the bag of meat into a thin bloody mist.
You kill the bag of meat!
Trog accepts your kill. Trog grants you a weapon!
Something appears at your feet!
You see here a +8 triple sword.
You carve the bag of meat like a ham!!! You chop the bag of meat into pieces.
You kill the bag of meat!
Trog accepts your kill.
You slash the large bag of meat!
Flame seeps out of the large bag of meat.
You fatally mangle the large bag of meat.
Trog accepts your kill.
You slice the bag of meat!!
You hew the bag of meat savagely.
You kill the bag of meat!
Trog accepts your kill.
The large bag of meat explodes!
The fiery explosion engulfs you!!
You die...

.....#...))).._.....
...#.....))#.....#.. .
###......o.o.#_.<._#..
§.##....#....o..#..O..#..
#.......o#o......._..O))
.#.....o..........###o)))
....o.o...oo.###.....)o##
....OoO)§○§....#.......#
...oooO)@)Vo...#.......#
...ooo#)))O.............
.... #o#V#.........oOo...
.. o.#o#..O........o.o..


oo# # # ........o....# #.O ...#........#o #. ..o.. . .##.# . . .. You could see
2 destroyers, 4 large bags of meat, 2 meat berserkers and 24 bags of meat.

Vanquished Creatures
  4 vampire knights (D)
  20 ogres (D)
  A two-headed ogre (D)
  22 orcs (D)
47 creatures vanquished.

Notes
Turn   | Place    | Note
-------+----------+-------------------------------------------
     0 | D        | Found the +∞ Axe of Woe
     0 | D        | jagang the Barachi Berserker began the quest for the Orb.
     0 | D        | Reached XP level 1. HP: 18/18 MP: 1/1
     2 | D        | Noticed a bag of meat
     3 | D        | Noticed a bag of meat
     4 | D        | Noticed a meat berserker
     4 | D        | Noticed a bag of meat
     4 | D        | Noticed a bag of meat
     4 | D        | Noticed a bag of meat
     4 | D        | Noticed a bag of meat
     5 | D        | Killed a bag of meat
     5 | D        | Noticed a meat berserker
     6 | D        | Reached skill level 10 in Armour
     6 | D        | Reached XP level 2. HP: 50/50 MP: 2/2
     6 | D        | Reached XP level 3. HP: 57/57 MP: 3/3
     6 | D        | Reached XP level 4. HP: 64/64 MP: 4/4
     6 | D        | Reached XP level 5. HP: 70/70 MP: 5/5
     6 | D        | Reached XP level 6. HP: 78/78 MP: 6/6
     6 | D        | Reached XP level 7. HP: 84/84 MP: 7/7
     6 | D        | Reached XP level 8. HP: 91/91 MP: 8/8
     6 | D        | Reached XP level 9. HP: 98/98 MP: 9/9
     6 | D        | Reached XP level 10. HP: 105/105 MP: 10/10
     6 | D        | Reached XP level 11. HP: 112/112 MP: 11/11
     6 | D        | Killed a meat berserker
     6 | D        | Reached ** piety under Trog
     6 | D        | Noticed a bag of meat
     6 | D        | Noticed a bag of meat
     6 | D        | Noticed a bag of meat
     7 | D        | Reached XP level 12. HP: 130/130 MP: 12/12
     7 | D        | Noticed a meat berserker
     8 | D        | Killed a bag of meat
     8 | D        | Killed a bag of meat
     8 | D        | Killed a bag of meat
     9 | D        | Reached skill level 27 in Fighting
     9 | D        | Reached skill level 15 in Armour
     9 | D        | Gained mutation: You can hop long distances. [Barachi
                  | growth]
     9 | D        | Reached XP level 13. HP: 145/145 MP: 13/13
     9 | D        | Reached XP level 14. HP: 153/153 MP: 14/14
     9 | D        | Noticed a meat berserker
    10 | D        | Killed a bag of meat
    10 | D        | Reached *** piety under Trog
    11 | D        | Reached skill level 27 in Axes
    11 | D        | Reached skill level 15 in Dodging
    11 | D        | Killed a meat berserker
    11 | D        | Noticed a bag of meat
    11 | D        | Noticed a bag of meat
    11 | D        | Noticed a bag of meat
    12 | D        | Reached XP level 15. HP: 153/159 MP: 15/15
    13 | D        | Noticed a meat berserker
    13 | D        | Killed a meat berserker
    14 | D        | Reached **** piety under Trog
    14 | D        | Killed a meat berserker
    14 | D        | Noticed a meat berserker
    15 | D        | Reached skill level 27 in Armour
    15 | D        | Reached XP level 16. HP: 161/167 MP: 16/16
    15 | D        | Noticed a large bag of meat
    16 | D        | Reached skill level 27 in Dodging
    16 | D        | Noticed a meat berserker
    16 | D        | Noticed a meat berserker
    17 | D        | Killed a meat berserker
    17 | D        | Reached ***** piety under Trog
    17 | D        | Noticed a meat berserker
    18 | D        | Reached skill level 5 in Short Blades
    18 | D        | Reached skill level 5 in Long Blades
    18 | D        | Reached skill level 5 in Maces & Flails
    19 | D        | Reached skill level 5 in Polearms
    19 | D        | Reached skill level 5 in Staves
    19 | D        | Reached skill level 5 in Ranged Weapons
    19 | D        | Reached skill level 5 in Throwing
    19 | D        | Reached skill level 5 in Stealth
    19 | D        | Reached skill level 5 in Shields
    19 | D        | Reached skill level 5 in Unarmed Combat
    19 | D        | Reached skill level 5 in Evocations
    19 | D        | Noticed a destroyer
    20 | D        | Killed a meat berserker
    21 | D        | Reached XP level 17. HP: 125/174 MP: 16/21
    21 | D        | Noticed a meat berserker
    21 | D        | Noticed a large bag of meat
    21 | D        | Noticed a meat berserker
    22 | D        | Noticed a meat berserker
    24 | D        | Noticed a meat berserker
    24 | D        | Noticed a meat berserker
    25 | D        | Killed a meat berserker
    26 | D        | Reached skill level 10 in Long Blades
    26 | D        | Killed a meat berserker
    26 | D        | Received a gift from Trog
    26 | D        | Killed a meat berserker
    27 | D        | Reached skill level 10 in Polearms
    27 | D        | Reached skill level 10 in Ranged Weapons
    27 | D        | Reached skill level 10 in Throwing
    27 | D        | Reached skill level 10 in Stealth
    27 | D        | Reached XP level 18. HP: 28/182 MP: 17/25
    27 | D        | Killed a meat berserker
    28 | D        | Reached skill level 10 in Invocations
    28 | D        | Noticed a large bag of meat
    28 | D        | Noticed a meat berserker
    28 | D        | Noticed a meat berserker
    28 | D        | Noticed a meat berserker
    28 | D        | Noticed a large bag of meat
    28 | D        | Noticed a meat berserker
    28 | D        | Noticed a large bag of meat
    28 | D        | Noticed a meat berserker
    28 | D        | Noticed a meat berserker
    28 | D        | Noticed a meat berserker
    28 | D        | Noticed a destroyer
    29 | D        | Noticed a meat berserker
    29 | D        | Noticed a destroyer
    29 | D        | Noticed a destroyer
    30 | D        | Noticed a destroyer
    30 | D        | Noticed a meat berserker
    30 | D        | Noticed a large bag of meat
    31 | D        | Identified the +3 broad axe of Vycient {heavy, rC+ rN+}
                  | (Trog gifted it to you in the Dungeon)
    31 | D        | Received a gift from Trog
    31 | D        | Noticed a large bag of meat
    32 | D        | Reached skill level 15 in Long Blades
    32 | D        | Killed a meat berserker
    32 | D        | Killed a meat berserker
    32 | D        | Killed a meat berserker
    33 | D        | Reached skill level 15 in Polearms
    33 | D        | Reached skill level 15 in Staves
    33 | D        | Reached skill level 15 in Shields
    33 | D        | Reached skill level 15 in Unarmed Combat
    33 | D        | Reached skill level 15 in Evocations
    33 | D        | Reached XP level 19. HP: 12/189 MP: 18/29
    33 | D        | Killed a destroyer
    33 | D        | Received a gift from Trog
    33 | D        | Killed a destroyer
    33 | D        | Reached ****** piety under Trog
    34 | D        | Reached XP level 20. HP: 13/197 MP: 18/31
    34 | D        | Killed a meat berserker
    34 | D        | Noticed a large bag of meat
    35 | D        | Reached skill level 15 in Invocations
    35 | D        | Killed a destroyer
    35 | D        | Killed a meat berserker
    35 | D        | Killed a meat berserker
    35 | D        | Received a gift from Trog
    35 | D        | Killed a meat berserker
    35 | D        | Killed a meat berserker
    36 | D        | Reached XP level 21. HP: 14/204 MP: 18/33
    36 | D        | Killed a destroyer
    36 | D        | Received a gift from Trog
    36 | D        | Killed a meat berserker
    37 | D        | Reached XP level 22. HP: 15/212 MP: 18/35
    37 | D        | Noticed a destroyer
    37 | D        | Noticed a destroyer
    39 | D        | Received a gift from Trog
    39 | D        | Killed a large bag of meat
    39 | D        | Killed by an exploding large bag of meat... ignited by
                  | their inner flame

Illustrated notes

Levels and vault maps discovered:
D:        meatsprint

Skill      XL: |  1  2  3  4  5  6  7  8  9 10 11 12 13 14 15 16 17 18 19 20 21 22 |
---------------+-------------------------------------------------------------------+-----
Fighting       | 19 23 27 | 27.0
Axes           | 18 22 26 27 | 27.0
Armour         | 10 12 15 20 27 | 27.0
Dodging        | 9 11 14 19 25 27 | 27.0
Short Blades   | 8 11 16 18 21 23 24 | 24.3
Long Blades    | 8 12 18 19 23 25 26 | 26.2
Maces & Flails | 8 11 16 18 21 23 24 | 24.3
Polearms       | 7 10 15 16 20 21 22 | 22.5
Staves         | 7 11 15 17 20 22 23 | 23.1
Ranged Weapons | 6 10 14 16 19 20 21 | 21.4
Throwing       | 6 10 14 16 19 20 21 | 21.4
Stealth        | 6 10 14 16 19 20 21 | 21.4
Shields        | 7 11 15 17 20 22 23 | 23.1
Unarmed Combat | 7 11 15 17 20 22 23 | 23.1
Invocations    | 6 9 13 14 17 19 | 19.8
Evocations     | 7 11 15 17 20 22 23 | 23.1

Action                     |  1- 3 |  4- 6 |  7- 9 | 10-12 | 13-15 | 16-18 | 19-21 | 22-24 || total
---------------------------+-------+-------+-------+-------+-------+-------+-------+-------++-------
  Melee: Executioner's axe |     1 |       |       |     2 |     4 |    10 |     4 |     2 ||    23
 Invoke: Trog's Hand       |       |       |       |       |       |       |       |     1 ||     1
Ability: Hop               |       |       |       |       |       |     1 |       |       ||     1
    Use: Scroll            |       |       |       |       |       |     1 |       |       ||     1
         Potion            |       |       |       |       |       |     1 |       |       ||     1
  Dodge: Dodged            |       |       |       |       |       |       |     1 |       ||     1
